[Event "*** Titled Tuesday Blitz"]
[Site "Chess.com"]
[Date "2021.04.20"]
[Round "1"]
[White "mr65"]
[Black "DrCeltic"]
[Result "0-1"]
[WhiteElo "2115"]
[BlackElo "2504"]
[TimeControl "180+1"]
[EndTime "10:05:58 PDT"]
[Termination "DrCeltic won by resignation"]

1. e4 c5 2. Nf3 e6 3. d4 cxd4 4. c3 Nf6 5. e5 Nd5 6. cxd4 d6 7. Nc3 Nxc3 8. bxc3 Qc7 9. Bd2 Nd7 10. exd6 Bxd6 11. Bd3 b6 12. O-O Bb7 13. h3 O-O 14. Rc1 Bf4 15. Re1 Bxf3 16. gxf3 Nf6 17. Bb1 Rfd8 18. Qe2 Bxd2 19. Qxd2 b5 20. Qe3 a6 21. Qe5 Qxe5 22.
Rxe5 Rac8 23. Ree1 Nd5 24. a4 Nxc3 25. axb5 axb5 26.
Kg2 g6 27. h4 h5 28. Re3 b4 29. Be4 Rxd4 30. Rc2 Kg7 31. Rb2 Nd1 0-1

[Event "*** Titled Tuesday Blitz"]
[Site "Chess.com"]
[Date "2021.04.20"]
[Round "1"]
[White "BL4D3RUNN3R"]
[Black "Mikasinski"]
[Result "0-1"]
[WhiteElo "2108"]
[BlackElo "2502"]
[TimeControl "180+1"]
[EndTime "10:06:02 PDT"]
[Termination "Mikasinski won on time"]

1. Nf3 Nf6 2. c4 g6 3. b4 Bg7 4. Bb2 O-O 5. g3 d6 6. Bg2 e5 7. O-O e4 8. Nd4 Re8 9. Nc3 Nc6 10. Nxc6 bxc6 11. Qc2 d5 12. d3 exd3 13. exd3 Bf5 14. c5 Qd7 15. Rfe1 h5 16. Ne2 Bh3 17. Bh1 Re7 18. Nf4 Bf5 19. Re2 Rxe2 20. Qxe2 Re8 21. Qd2 Ng4 22. Bxg7 Kxg7 23. d4 Nf6 24. Re1 Re7 25.
Nd3 Bxd3 26. Rxe7 Qxe7 27. Qxd3 Qe1+ 28. Kg2 Qxb4 29. h3 Qb2 30. a3 Ne4 31. Qe3 Qc3 32.
Qxc3 Nxc3 33. Kf3 Nb5 34. Ke3 Nxa3 35. Bf3 Nc2+ 0-1

[Event "*** Titled Tuesday Blitz"]
[Site "Chess.com"]
[Date "2021.04.20"]
[Round "1"]
[White "kreonx"]
[Black "Nf3c5"]
[Result "0-1"]
[WhiteElo "2335"]
[BlackElo "2640"]
[TimeControl "180+1"]
[EndTime "10:06:03 PDT"]
[Termination "Nf3c5 won by resignation"]

1. e4 c6 2. d4 d5 3. exd5 cxd5 4. Bd3 Nc6 5. c3 Nf6 6. h3 g6 7. Nf3 Bg7 8. O-O Qc7 9. Re1 O-O 10. Nbd2 Bf5 11. Bxf5 gxf5 12. Nb3 b6 13. Bg5 Ne4 14. Bh4 Kh8 15. Ng5 Bf6 16. Nxe4 Bxh4 17. Qh5 fxe4 18.
Qxh4 Rg8 19. Qh5 e6 20. Re3 Rg6 21. Rg3 Rag8 22. Rxg6 Rxg6 23. Rf1 Qf4 24. Qe2 Ne7 25. f3 e3 26. Re1 Nf5 27. g4 Qg3+ 28. Qg2 Qxe1+ 0-1

[Event "*** Titled Tuesday Blitz"]
[Site "Chess.com"]
[Date "2021.04.20"]
[Round "1"]
[White "FontVella8"]
[Black "crescentmoon2411"]
[Result "0-1"]
[WhiteElo "2445"]
[BlackElo "2833"]
[TimeControl "180+1"]
[EndTime "10:06:05 PDT"]
[Termination "crescentmoon2411 won by resignation"]

1. d4 Nf6 2. Nf3 e6 3. Bf4 b6 4.
e3 Bb7 5. h3 Be7 6. c4 O-O 7.
Nc3 d5 8. cxd5 Nxd5 9. Nxd5 Bxd5 10. Be2 c5 11. O-O Nc6 12. dxc5 Bxc5 13. Rc1 Qe7 14. Ne5 Nxe5 15. Bxe5 Bxe3 16. fxe3 Qg5 17. Bf3 Qxe3+ 18.
Kh1 Qxe5 19. Bxd5 exd5 20. Qg4 Rad8 21. Rcd1 Qxb2 22. Rf3 g6 23. Qg5 Qxa2 24. Rfd3 d4 25. h4 Qd5 26. Qg4 h5 27. Qg3 Qe4 28. Re1 Qg4 29. Qf2 Rd7 30. g3 a5 31. Rf3 d3 32.
Rf4 Qh3+ 33. Kg1 d2 34. Rd1 Re8 35. Rxd2 Rxd2 36. Qxd2 Qxg3+ 37. Kh1 Re1+ 38. Qxe1 Qxe1+ 39. Kg2 Qd2+ 40. Kg3 Qxf4+ 41. Kxf4 a4 42. Kg5 a3 43.
Kf6 a2 44. Ke7 a1=Q 45. Kd6 Qd4+ 0-1

[Event "*** Titled Tuesday Blitz"]
[Site "Chess.com"]
[Date "2021.04.20"]
[Round "1"]
[White "Hangar-18"]
[Black "scarabee43"]
[Result "0-1"]
[WhiteElo "2348"]
[BlackElo "2655"]
[TimeControl "180+1"]
[EndTime "10:06:07 PDT"]
[Termination "scarabee43 won by resignation"]

1. c4 Nf6 2. Nc3 e6 3. e4 d5 4. cxd5 exd5 5. e5 Nfd7 6. d4 c5 7. Nf3 Nc6 8. Bf4 cxd4 9. Nb5 Bb4+ 10. Bd2 Bxd2+ 11. Qxd2 Ndxe5 12. Nxe5 Nxe5 13. Qxd4 O-O 14. Be2 Nc6 15. Qd2 a6 16. Nd4 Nxd4 17. Qxd4 Re8 18. Rd1 Qg5 19. Qxd5 Qg4 20. Rd2 Be6 21. Bxg4 Bxd5+ 22.
Kf1 Bc4+ 23. Be2 Rxe2 0-1

[Event "*** Titled Tuesday Blitz"]
[Site "Chess.com"]
[Date "2021.04.20"]
[Round "1"]
[White "Arystanner"]
[Black "Rap_woyska"]
[Result "1-0"]
[WhiteElo "2808"]
[BlackElo "2431"]
[TimeControl "180+1"]
[EndTime "10:06:09 PDT"]
[Termination "Arystanner won on time"]

1. e4 e6 2. d4 d5 3. e5 c5 4. c3 Qb6 5. Nf3 Nc6 6. a3 Nh6 7.
Bd3 cxd4 8. b4 dxc3 9. Nxc3 Bd7 10. O-O Nd4 11. Re1 a5 12. Bb2 axb4 13. Nxd4 bxc3 14. Bxc3 Bc5 15. Rb1 Qc7 16. Nb5 Bxb5 17. Bxb5+ Ke7 18. a4 Bxf2+ 19. Kxf2 Qxc3 20. Rc1 Qa5 21. Qf3 Rhc8 22. Qa3+ 1-0

[Event "*** Titled Tuesday Blitz"]
[Site "Chess.com"]
[Date "2021.04.20"]
[Round "1"]
[White "oskariot"]
[Black "KacperPolOK"]
[Result "1-0"]
[WhiteElo "2674"]
[BlackElo "2370"]
[TimeControl "180+1"]
[EndTime "10:06:09 PDT"]
[Termination "oskariot won by resignation"]

1. e4 e6 2. d4 d5 3. Nd2 Nf6 4. e5 Nfd7 5. f4 c5 6. c3 Nc6 7. Ndf3 Qb6 8. a3 a5 9. b3 f6 10. Bd3 Be7 11. h4 Nf8 12. Ne2 Bd7 13. h5 O-O-O 14. Be3 Kb8 15. h6 gxh6 16. exf6 Bxf6 17.
dxc5 Qc7 18. Qd2 e5 19. fxe5 Nxe5 20. Nxe5 Bxe5 21. Rxh6 Bg3+ 22. Nxg3 Qxg3+ 23. Kd1 Qg7 24. Bd4 Qg4+ 25. Be2 Qf5 26. Bxh8 1-0

[Event "*** Titled Tuesday Blitz"]
[Site "Chess.com"]
[Date "2021.04.20"]
[Round "1"]
[White "Kretov_Evgenij"]
[Black "narutosmith"]
[Result "1-0"]
[WhiteElo "2635"]
[BlackElo "2329"]
[TimeControl "180+1"]
[EndTime "10:06:11 PDT"]
[Termination "Kretov_Evgenij won by checkmate"]

1. d4 Nf6 2. c4 e6 3. Nc3 Bb4 4. Bg5 c5 5. d5 d6 6. e3 exd5 7. cxd5 Nbd7 8. Bd3 O-O 9. Ne2 a6 10. O-O b5 11. h3 h6 12. Bh4 Re8 13. a3 Ba5 14. e4 Qc7 15. f4 b4 16. axb4 cxb4 17.
e5 dxe5 18. d6 Bb6+ 19. Kh1 Qb8 20. Bxf6 Nxf6 21. fxe5 Nd7 22. Nd5 Nxe5 23. Ne7+ Kh8 24. Be4 Bb7 25. Bxb7 Qxb7 26. Nf4 Rad8 27. Nf5 Qe4 28. Qh5 Nd3 29. Nxd3 Qxd3 30. Qxf7 Rg8 31. Rad1 Qe2 32. Ne7 Rgf8 33. Ng6+ Kh7 34. Nxf8+ Rxf8 35. Qxf8 Be3 36. Qf5+ Kh8 37. Qd3 Qxb2 38. Rf8# 1-0

[Event "*** Titled Tuesday Blitz"]
[Site "Chess.com"]
[Date "2021.04.20"]
[Round "1"]
[White "Abund"]
[Black "davigator"]
[Result "1-0"]
[WhiteElo "2730"]
[BlackElo "2406"]
[TimeControl "180+1"]
[EndTime "10:06:12 PDT"]
[Termination "Abund won by resignation"]

1. e4 c5 2. Nf3 Nc6 3. Bb5 g6 4. O-O Bg7 5. c3 Nf6 6. Re1 O-O 7. d4 cxd4 8. cxd4 d5 9. e5 Ne4 10.
Bxc6 bxc6 11. Be3 f6 12. Nbd2 Bg4 13. Qc2 Nxd2 14. Nxd2 fxe5 15. dxe5 Qd7 16. h3 Bf5 17. Qc3 h6 18. Nb3 g5 19. Nc5 Qc7 20. Bd4 a5 21. Rac1 Qc8 22. e6 Bxd4 23. Qxd4 Rf6 24. Nd7 Rxe6 25.
Nb6 Qb8 26. Rxe6 Bxe6 27. Rxc6 Bf7 28. Nxa8 e5 29. Qc5 Qxb2 30. Rc8+ Kh7 31. Qc2+ Qxc2 32. Rxc2 d4 33. Rc7 Kg6 34. Nb6 Bxa2 35. Kf1 Bb3 36. Ke2 a4 37. Ra7 e4 38. Nxa4 Bc4+ 39. Ke1 Kf5 40.
Nb6 Be6 41. Ra5+ Kf4 42. Nd5+ Ke5 43. Nc7+ Kd6 44. Ra6+ Kxc7 45. Rxe6 1-0

[Event "*** Titled Tuesday Blitz"]
[Site "Chess.com"]
[Date "2021.04.20"]
[Round "1"]
[White "svilson23"]
[Black "FoggyMorning"]
[Result "1-0"]
[WhiteElo "2246"]
[BlackElo "2543"]
[TimeControl "180+1"]
[EndTime "10:06:14 PDT"]
[Termination "svilson23 won by resignation"]

1. d4 Nf6 2. Bg5 c5 3. Bxf6 exf6 4. d5 f5 5. Nc3 d6 6. e3 g6 7. Nf3 Bg7 8. h4 h5 9. Bc4 O-O 10. O-O a6 11. a4 Nd7 12. a5 Ne5 13. Nxe5 Bxe5 14.
g3 Bd7 15. Qd3 Re8 16. Kg2 Bg7 17. Rfe1 Qf6 18. Rab1 Re7 19. Ne2 Re4 20. b4 cxb4 21.
Rxb4 Rc8 22. Rxb7 Rexc4 23. Rxd7 R8c5 24. Rb1 Rxc2 25. Nd4 Ra2 26. Qxa6 Rxd5 27. Qa8+ Kh7 28. Qxd5 Rd2 29. Qxf7 Qxf7 30. Rxf7 Kg8 31. Rd7 f4 32.
gxf4 Bf8 33. a6 Ra2 34. a7 g5 35. Rb8 1-0

[Event "*** Titled Tuesday Blitz"]
[Site "Chess.com"]
[Date "2021.04.20"]
[Round "1"]
[White "JakubPulpan"]
[Black "frenchpin"]
[Result "1-0"]
[WhiteElo "2735"]
[BlackElo "2409"]
[TimeControl "180+1"]
[EndTime "10:06:17 PDT"]
[Termination "JakubPulpan won by resignation"]

1. Nf3 d5 2. b3 a5 3. c4 e6 4.
cxd5 exd5 5. Bb2 a4 6. bxa4 Nd7 7. Nc3 Nb6 8. e3 Nf6 9. Bb5+ c6 10. Be2 Bb4 11.
O-O O-O 12. a3 Bxc3 13. Bxc3 Nxa4 14. Bd4 c5 15. Be5 Ng4 16. Bg3 Be6 17. d4 c4 18.
h3 Nf6 19. Bh4 h6 20. Ne5 g5 21. Bg3 Ne4 22. Bh2 b5 23. f4 f6 24. Ng4 Nac3 25.
Qe1 h5 26. Nf2 Nxf2 27. Rxf2 Qe8 28. Qxc3 Qg6 29. f5 Bxf5 30. Bxh5 Qh7 31. Bf3 Be6 32. Raf1 Rae8 33. Qa5 Bd7 34. Bxd5+ Kh8 35. Qc7 Re4 36. Bxe4 1-0

[Event "*** Titled Tuesday Blitz"]
[Site "Chess.com"]
[Date "2021.04.20"]
[Round "1"]
[White "Qvalda"]
[Black "Oleksandr_Bortnyk"]
[Result "0-1"]
[WhiteElo "2460"]
[BlackElo "2935"]
[TimeControl "180+1"]
[EndTime "10:06:19 PDT"]
[Termination "Oleksandr_Bortnyk won on time"]

1. e4 Nf6 2. e5 Nd5 3. d4 d6 4.
Nf3 dxe5 5. Nxe5 c6 6. Be2 Bf5 7. O-O Nd7 8. Nf3 e6 9. a3 Bd6 10. c4 N5f6 11. Nc3 O-O 12. h3 h6 13. Be3 Re8 14. Qd2 e5 15. d5 Nc5 16. Rad1 Nb3 17.
Qe1 Bc2 18. dxc6 bxc6 19. Rc1 Nxc1 20. Qxc1 Bg6 21. Rd1 Qc7 22. c5 Bf8 23. b4 a5 24.
b5 cxb5 25. Nxb5 Qc6 26. Nd6 Bxd6 27. Rxd6 Qa4 28. Bxh6 Ne4 29. Bd1 Qb5 30. Rb6 Qxc5 31. Qxc5 Nxc5 32. Be3 Nd3 33. Bb3 Rab8 34. Rxg6 Rxb3 35.
Rg4 Rxa3 36. Bh6 g6 37. h4 Ra1+ 38. Kh2 Nxf2 39. Rc4 e4 0-1

[Event "*** Titled Tuesday Blitz"]
[Site "Chess.com"]
[Date "2021.04.20"]
[Round "1"]
[White "Zhigalko_Sergei"]
[Black "AwareIdea"]
[Result "1-0"]
[WhiteElo "2923"]
[BlackElo "2459"]
[TimeControl "180+1"]
[EndTime "10:06:20 PDT"]
[Termination "Zhigalko_Sergei won by resignation"]

1. e4 e5 2. Nf3 Nc6 3. Bc4 Bc5 4.
b4 Bxb4 5. c3 Ba5 6. d4 exd4 7.
O-O Nge7 8. Ng5 d5 9. Nxf7 Kxf7 10. exd5 Ne5 11. Bb3 Ke8 12. Qh5+ N5g6 13. Re1 Rf8 14.
Bg5 Rf5 15. h4 Rxg5 16. hxg5 Qd6 17. Qxh7 Kf7 18. Nd2 Nxd5 19. Ne4 Qd8 20. Nf6 c6 21. Re8 Qxe8 22. Nxe8 Kxe8 23. Qxg6+ Kd8 24. cxd4 Bd7 25. Qxg7 1-0

[Event "*** Titled Tuesday Blitz"]
[Site "Chess.com"]
[Date "2021.04.20"]
[Round "1"]
[White "Steegersee"]
[Black "szachuspl"]
[Result "0-1"]
[WhiteElo "2219"]
[BlackElo "2543"]
[TimeControl "180+1"]
[EndTime "10:06:20 PDT"]
[Termination "szachuspl won by resignation"]

1. d4 Nf6 2. Nf3 g6 3. c4 Bg7 4.
Nc3 O-O 5. e4 d6 6. Be2 e5 7.
dxe5 dxe5 8. Qxd8 Rxd8 9. Bg5 Rf8 10. Nxe5 Re8 11. f4 h6 12. Bxf6 Bxf6 13. Nd5 Bd8 14. O-O-O c6 15. Nc3 Bb6 16. g3 Kg7 17. Bf3 f6 18.
Nd3 Nd7 19. Rhe1 Nf8 20. c5 Bc7 21. Kc2 Be6 22. e5 f5 23. Ne2 Rad8 24. Kc3 Bf7 25. Nd4 Ne6 26. Nxe6+ Bxe6 27. a3 a6 28. b4 g5 29. Nf2 a5 30. Rxd8 Rxd8 31. Rd1 Ra8 32.
Kb2 axb4 33. axb4 Ra2+ 34. Kc3 Rxf2 35. Bh5 Kf8 36. h4 gxh4 37. gxh4 Rxf4 38. Rg1 Rxh4 39.
Be2 Bxe5+ 40. Kc2 f4 41. Bd3 Rh2+ 42. Kc1 Bd5 43. Re1 Rh1 44. Rxh1 Bxh1 45. Bf1 0-1

[Event "*** Titled Tuesday Blitz"]
[Site "Chess.com"]
[Date "2021.04.20"]
[Round "1"]
[White "GMRafpig"]
[Black "Loy_Konstantin"]
[Result "1-0"]
[WhiteElo "2684"]
[BlackElo "2373"]
[TimeControl "180+1"]
[EndTime "10:06:21 PDT"]
[Termination "GMRafpig won on time"]

1. c4 c5 2. g3 g6 3. Bg2 Bg7 4.
Nc3 Nc6 5. b3 Nf6 6. Bb2 O-O 7.
Nf3 e5 8. O-O d6 9. d3 Ne8 10.
Qd2 Nc7 11. a3 Bf5 12. b4 Rb8 13. b5 Nd4 14. Nxd4 exd4 15. Nd5 Nxd5 16. Bxd5 Qd7 17.
e3 dxe3 18. fxe3 Bxb2 19. Qxb2 Bxd3 20. Rf6 Rbe8 21. Qf2 Re5 22. Qf4 Rf5 23. Rxf5 Bxf5 24. Rd1 Re8 25. Bf3 Re5 26. Qxe5 dxe5 27. Rxd7 Bxd7 28.
Bxb7 Be6 29. Bd5 Bd7 30. a4 Kf8 31. a5 Bc8 32. b6 axb6 33. axb6 1-0

[Event "*** Titled Tuesday Blitz"]
[Site "Chess.com"]
[Date "2021.04.20"]
[Round "1"]
[White "dodorox"]
[Black "davidkalashian"]
[Result "0-1"]
[WhiteElo "2113"]
[BlackElo "2504"]
[TimeControl "180+1"]
[EndTime "10:06:21 PDT"]
[Termination "davidkalashian won on time"]

1. d4 Nf6 2. c4 e6 3. Nc3 Bb4 4. Bd2 O-O 5. e3 b6 6. Nf3 Bb7 7. Rc1 c5 8. a3 Bxc3 9. Bxc3 Ne4 10.
Bd3 Nxc3 11. Rxc3 cxd4 12. exd4 d6 13. O-O Nd7 14. b4 a5 15. Qe2 axb4 16. axb4 Qf6 17. Be4 Bxe4 18. Qxe4 Rfc8 19. Rfc1 h6 20. h3 Ra4 21.
Qb1 Rca8 22. c5 bxc5 23. bxc5 dxc5 24. dxc5 Ra1 25. Qd3 Rxc1+ 26. Rxc1 Ra1 27. Rxa1 Qxa1+ 28. Kh2 Nxc5 29. Qd6 Ne4 30. Qd8+ Kh7 31. Qd3 f5 32. Qe3 Qb2 33. Nd4 g5 34. f3 Qb8+ 35. Kg1 Qg3 0-1

[Event "*** Titled Tuesday Blitz"]
[Site "Chess.com"]
[Date "2021.04.20"]
[Round "1"]
[White "Sharpchess22"]
[Black "InitiatingASC"]
[Result "1-0"]
[WhiteElo "2803"]
[BlackElo "2427"]
[TimeControl "180+1"]
[EndTime "10:06:22 PDT"]
[Termination "Sharpchess22 won by resignation"]

1. c4 Nf6 2. Nf3 e6 3. g3 b6 4.
Bg2 Bb7 5. O-O Be7 6. b3 O-O 7. Bb2 c5 8. e3 d6 9. d4 cxd4 10.
Nxd4 Bxg2 11. Kxg2 Nbd7 12. Nc6 Qe8 13. Nc3 Nc5 14.
Qf3 Nd3 15. Ba3 Ne5 16. Nxe7+ Qxe7 17. Qf4 Qb7+ 18. e4 Rfd8 19. Rad1 Ng6 20. Qf3 Ne5 21. Qe2 Ne8 22. f4 Ng6 23. Rd2 Rd7 24. Rfd1 Rad8 25. Qf3 a6 26. Bb4 Ne7 27. Ba3 b5 28. cxb5 axb5 29.
Bb2 Nf6 30. b4 d5 31. exd5 Nfxd5 32. Nxd5 Rxd5 33. Rxd5 Nxd5 34. Rd4 Rc8 35. Rd2 Ne3+ 36. Kf2 Qxf3+ 37. Kxf3 Nc4 38. Re2 Nxb2 39. Rxb2 Rc3+ 40.
Ke4 f6 41. Kd4 Ra3 42. Kc5 e5 43. fxe5 fxe5 44. Kxb5 e4 45. Kc4 e3 46. b5 Ra4+ 47.
Kd3 Ra3+ 48. Ke2 Kf7 49. b6 1-0

[Event "*** Titled Tuesday Blitz"]
[Site "Chess.com"]
[Date "2021.04.20"]
[Round "1"]
[White "Jungle_Jaguar"]
[Black "googlegoom"]
[Result "1-0"]
[WhiteElo "2718"]
[BlackElo "2400"]
[TimeControl "180+1"]
[EndTime "10:06:22 PDT"]
[Termination "Jungle_Jaguar won by checkmate"]

1. e4 c5 2. Nf3 Nc6 3. Bb5 Qb6 4. c4 e6 5. O-O d6 6. d4 cxd4 7. Nxd4 Bd7 8. Be3 Qc7 9. Nc3 a6 10. Ba4 Nf6 11. Rc1 Nxd4 12. Bxd4 Be7 13. Bc2 Rc8 14. b3 e5 15. Be3 b5 16. Nd5 Nxd5 17. cxd5 Qb7 18. Qd2 Bf6 19. Qb4 Qb8 20. Bd3 O-O 21.
h3 Rxc1 22. Bxc1 g6 23. Ba3 Be7 24. f4 exf4 25. e5 Qb6+ 26. Kh2 Qe3 27. Rf3 Qxe5 28. Qd2 Qxd5 29. Qxf4 Bc6 30. Bb2 Qe6 31. Re3 Qd7 32. Qh6 f6 33. Bxg6 hxg6 34. Qxg6+ Kh8 35. Qh6+ Kg8 36. Rg3+ Kf7 37. Qg6+ Ke6 38. Re3+ Kd5 39. Qe4+ Kc5 40. Qd4# 1-0

[Event "*** Titled Tuesday Blitz"]
[Site "Chess.com"]
[Date "2021.04.20"]
[Round "1"]
[White "VD_coach"]
[Black "catzapto"]
[Result "1-0"]
[WhiteElo "2501"]
[BlackElo "2102"]
[TimeControl "180+1"]
[EndTime "10:06:22 PDT"]
[Termination "VD_coach won by resignation"]

1. e4 c5 2. Nf3 e6 3. d3 Nc6 4. g3 d5 5. Nbd2 Nf6 6. Bg2 g6 7. O-O Bg7 8. Re1 O-O 9. c3 a6 10. a4 Rb8 11. h4 b5 12. axb5 axb5 13. exd5 Nxd5 14. Ne4 b4 15. c4 Nc7 16. Nxc5 Nd4 17.
Ne5 Qd6 18. Ne4 Qxe5 19. Bf4 Qh5 20. Qxh5 gxh5 21. Bxc7 Rb7 22. Bd6 Rd8 23. c5 f5 24. Nd2 Rbd7 25. Rac1 Ba6 26. Nc4 Nb3 27. Rcd1 Bxc4 28. dxc4 Bxb2 29. Bc6 Nxc5 30. Bxd7 Nxd7 31. Bxb4 e5 32. c5 Bd4 33. c6 Nf6 34. Be7 Bxf2+ 35. Kxf2 Ng4+ 36. Kg1 Rc8 37. Rd8+ Rxd8 38. Bxd8 1-0

[Event "*** Titled Tuesday Blitz"]
[Site "Chess.com"]
[Date "2021.04.20"]
[Round "1"]
[White "sakkikuska"]
[Black "Sibelephant"]
[Result "0-1"]
[WhiteElo "2472"]
[BlackElo "3099"]
[TimeControl "180+1"]
[EndTime "10:06:23 PDT"]
[Termination "Sibelephant won by checkmate"]

1. e4 e5 2. Nf3 Nc6 3. Bb5 a6 4. Ba4 d6 5. c3 Bd7 6. O-O g6 7. d3 Bg7 8. Re1 Nge7 9. Nbd2 O-O 10. Nf1 Kh8 11. Bc2 f5 12. exf5 Nxf5 13. Bg5 Bf6 14.
Bxf6+ Qxf6 15. Qd2 Rae8 16. Qg5 Qxg5 17. Nxg5 Kg7 18.
Rad1 h6 19. Nf3 g5 20. h3 Re7 21. Ne3 Nxe3 22. Rxe3 g4 23. hxg4 Bxg4 24. Rde1 Bxf3 25. gxf3 Ref7 26. Kg2 Ne7 27. c4 Nf5 28. Re4 h5 29.
Rh1 Nd4 30. Bd1 Ne6 31. Rhh4 Nf4+ 32. Kf1 c5 33. Bc2 Kh6 34. Rh2 Rg7 35. a3 Rfg8 36. Ke1 Rg1+ 37. Kd2 R8g2 38. Rxg2 Rxg2 39. Ke3 h4 40. b4 h3 41. bxc5 h2 42. cxd6 h1=Q 43. d7 Qc1# 0-1

[Event "*** Titled Tuesday Blitz"]
[Site "Chess.com"]
[Date "2021.04.20"]
[Round "1"]
[White "FairChess_on_YouTube"]
[Black "Nara_Kh"]
[Result "1-0"]
[WhiteElo "3017"]
[BlackElo "2470"]
[TimeControl "180+1"]
[EndTime "10:06:23 PDT"]
[Termination "FairChess_on_YouTube won by resignation"]

1. Nf3 Nf6 2. b3 b6 3. g3 g6 4. Bg2 Bb7 5. O-O Bg7 6. Bb2 O-O 7. c4 c5 8. d4 cxd4 9. Qxd4 d6 10. Nc3 Nc6 11.
Qh4 Rc8 12. Nd5 Nxd5 13. Bxg7 Kxg7 14. cxd5 Nb8 15. Nd4 Nd7 16. Rac1 Nf6 17. e4 a6 18. Qg5 Qd7 19. Nf5+ Kh8 20. Nxd6 Qxd6 21. e5 Qd8 22. exf6 exf6 23. Qf4 Kg7 24. d6 Bxg2 25. Kxg2 Qd7 26. Rc7 Rxc7 27. dxc7 Rc8 28. Rc1 Qd5+ 29. Qf3 Qxf3+ 30. Kxf3 Kf8 31. Rc6 b5 32. Ke4 Ke7 33. Kd5 Kd7 34. Rxf6 Kxc7 35. Rc6+ Kd7 36. Rxc8 Kxc8 37.
Kc6 g5 38. b4 f5 39. f4 h6 40. Kd6 1-0

[Event "*** Titled Tuesday Blitz"]
[Site "Chess.com"]
[Date "2021.04.20"]
[Round "1"]
[White "aaaao"]
[Black "Flopezin"]
[Result "1-0"]
[WhiteElo "2645"]
[BlackElo "2340"]
[TimeControl "180+1"]
[EndTime "10:06:23 PDT"]
[Termination "aaaao won by resignation"]

1. e4 e5 2. Nf3 Nc6 3. Bb5 a6 4.
Bxc6 dxc6 5. O-O Bd6 6. d4 exd4 7. Qxd4 f6 8. Nc3 Ne7 9. h3 Ng6 10. Be3 Be6 11. Rad1 Qe7 12. Rfe1 O-O 13. Qa4 Rfd8 14. Nd4 Bd7 15. Nf5 Qf8 16. Nxd6 cxd6 17. Qb4 Be6 18. Qxb7 Rab8 19. Qxa6 Rxb2 20. Rd2 Ne5 21. Bf4 Nc4 22. Rde2 Nb6 23. Be3 Bc4 24. Qa3 Bxe2 25. Qxb2 Nc4 26. Qb7 Nxe3 27. Rxe2 Nc4 28. Qxc6 Rc8 29. Qd5+ Qf7 30.
a4 Na3 31. Qxf7+ Kxf7 32. Nb5 Nc4 33. c3 Ke6 34. f4 Ra8 35. Nc7+ 1-0

[Event "*** Titled Tuesday Blitz"]
[Site "Chess.com"]
[Date "2021.04.20"]
[Round "1"]
[White "maximych26"]
[Black "korbul"]
[Result "0-1"]
[WhiteElo "2270"]
[BlackElo "2587"]
[TimeControl "180+1"]
[EndTime "10:06:24 PDT"]
[Termination "korbul won by resignation"]

1. e4 c5 2. Nf3 e6 3. c3 Nf6 4. e5 Nd5 5. d4 cxd4 6. cxd4 d6 7. Nc3 Nxc3 8. bxc3 Qc7 9. Bd2 Nc6 10.
Bb5 Bd7 11. Qe2 Be7 12. O-O O-O 13. exd6 Bxd6 14. Rab1 a6 15. Bd3 b5 16. Qe4 f5 17.
Qe2 Na5 18. Rfe1 Rae8 19. h3 Bc6 20. Ng5 Bd5 21. a4 h6 22. Nf3 bxa4 23. Bxa6 Nc4 24. Bb5 Ra8 25. Ra1 a3 26. Bc1 Ra5 27.
Bxc4 Bxc4 28. Qc2 a2 29. Nd2 Bd5 30. c4 Rc8 31. Rxa2 Rxa2 32. Qxa2 Bxc4 33. Nxc4 Qxc4 34. Qe2 Qxc1 35. Qxe6+ Kh8 36. g3 Qc7 37. Qxf5 Rf8 38.
Qg4 Qf7 39. Re2 Qf5 40. Qh4 Kh7 41. d5 Bc5 42. Qe4 Qxe4 43. Rxe4 Rxf2 44. Kh1 Rd2 45.
Re5 Bd6 46. Rf5 Bxg3 0-1

[Event "*** Titled Tuesday Blitz"]
[Site "Chess.com"]
[Date "2021.04.20"]
[Round "1"]
[White "sorrm8thatscheckm8"]
[Black "VladaSviridova"]
[Result "1-0"]
[WhiteElo "2586"]
[BlackElo "2269"]
[TimeControl "180+1"]
[EndTime "10:06:24 PDT"]
[Termination "sorrm8thatscheckm8 won by resignation"]

1. d4 d5 2. c4 c6 3. cxd5 cxd5 4.
Nc3 Nf6 5. f3 e6 6. e4 dxe4 7.
fxe4 Bb4 8. Bg5 Qa5 9. Bxf6 Bxc3+ 10. bxc3 Qxc3+ 11. Kf2 Qb2+ 12. Be2 gxf6 13. Nf3 Nc6 14. Re1 O-O 15. Kg1 Kh8 16. d5 Ne5 17. Nd4 Rg8 18. Rf1 exd5 19. exd5 Rg6 20. Kh1 Bd7 21. Rb1 Qxa2 22.
Nb5 Rag8 23. Ra1 Qb2 24. Rb1 Qa2 25. Nc3 Qa3 26. Rb3 Qc5 27. Ne4 Qe7 28. Rxb7 f5 29. Ng3 f4 30. Rxf4 Qh4 31. Rxh4 1-0

[Event "*** Titled Tuesday Blitz"]
[Site "Chess.com"]
[Date "2021.04.20"]
[Round "1"]
[White "elohunter1999"]
[Black "Joseacorrea"]
[Result "1-0"]
[WhiteElo "2491"]
[BlackElo "2062"]
[TimeControl "180+1"]
[EndTime "10:06:24 PDT"]
[Termination "elohunter1999 won on time"]

1. d4 e6 2. e4 c5 3. Nf3 cxd4 4. Nxd4 a6 5. Nc3 Nc6 6. Nxc6 bxc6 7. Bd3 d5 8. O-O Nf6 9. Re1 Be7 10. e5 Nd7 11.
Qg4 g6 12. Bh6 Bb7 13. Nd1 Qc7 14. Qg3 O-O-O 15. c4 Nc5 16. Bf1 Ne4 17. Qd3 Qxe5 18. f3 Qh5 19. Be3 Bh4 20. g3 Nxg3 21. hxg3 Bxg3 22.
Qe2 Bxe1 23. Qxe1 dxc4 24. Qg3 c5 25. Be2 Qd5 26. Nc3 Qh5 27. Na4 1-0

[Event "*** Titled Tuesday Blitz"]
[Site "Chess.com"]
[Date "2021.04.20"]
[Round "1"]
[White "Mikhal867"]
[Black "vinniethepooh"]
[Result "1-0"]
[WhiteElo "2433"]
[BlackElo "2742"]
[TimeControl "180+1"]
[EndTime "10:06:27 PDT"]
[Termination "Mikhal867 won by checkmate"]

1. d4 Nf6 2. c4 e6 3. f3 d5 4. Nc3 b6 5. e4 dxe4 6. fxe4 Bb7 7. e5 Ne4 8. Be3 Qh4+ 9. Ke2 Ng3+ 10. hxg3 Qxh1 11. Kf2 h5 12. Nh3 Qh2 13. Bf4 g5 14.
Bxg5 Be7 15. Bf4 Na6 16. c5 O-O-O 17. c6 Rxd4 18. cxb7+ Kb8 19. Bxa6 Bc5 20. Qxd4 Bxd4+ 21. Kf3 Rg8 22. Rd1 c5 23. Nb5 Bxe5 24. Bxe5# 1-0

[Event "*** Titled Tuesday Blitz"]
[Site "Chess.com"]
[Date "2021.04.20"]
[Round "1"]
[White "UCantHandleDenker"]
[Black "picturesquecheck"]
[Result "0-1"]
[WhiteElo "2588"]
[BlackElo "2308"]
[TimeControl "180+1"]
[EndTime "10:06:27 PDT"]
[Termination "picturesquecheck won by resignation"]

1. Nf3 c5 2. d3 Nc6 3. g3 g6 4. Bg2 Bg7 5. O-O Nf6 6. Nbd2 O-O 7.
e4 d6 8. Re1 Rb8 9. a4 Bg4 10.
h3 Bd7 11. Nc4 a6 12. e5 Ne8 13. exd6 Nxd6 14. Bf4 Nxc4 15. dxc4 Ra8 16. c3 Qc8 17. Kh2 Rd8 18. Qe2 h6 19. h4 Be6 20. Qe3 Na5 21.
Bxh6 Nxc4 22. Qf4 Qb8 23. Qxb8 Raxb8 24. Bxg7 Kxg7 25. Ng5 Rd6 26. Nxe6+ Rxe6 27. Rxe6 fxe6 28. b3 Nd6 29. Re1 Kf6 30. Bh3 e5 31. Bg2 b5 32. a5 b4 33. c4 Rh8 34. Kg1 Rd8 35. Rd1 Nb7 36. Rxd8 Nxd8 37. Bd5 e6 38. Be4 g5 39.
Kg2 Nf7 40. Bb7 Nd8 41. Bxa6 Nc6 42. Bb5 Nxa5 43. Ba4 Nb7 44. Bc6 Nd8 45. Be4 gxh4 46. gxh4 Nf7 47. Kg3 Nd6 48. f3 Nf5+ 49. Bxf5 exf5 50.
Kh3 Kg6 51. Kg3 Kh5 52. Kh3 f4 0-1

[Event "*** Titled Tuesday Blitz"]
[Site "Chess.com"]
[Date "2021.04.20"]
[Round "1"]
[White "Apocalyps999"]
[Black "Zkid"]
[Result "0-1"]
[WhiteElo "2436"]
[BlackElo "2820"]
[TimeControl "180+1"]
[EndTime "10:06:28 PDT"]
[Termination "Zkid won by resignation"]

1. e4 e6 2. d4 d5 3. Nc3 Bb4 4. a3 Bxc3+ 5. bxc3 dxe4 6. Qg4 Nf6 7. Qxg7 Rg8 8. Qh6 c5 9. Ne2 Nbd7 10.
Ng3 cxd4 11. cxd4 Qc7 12. Bd2 b6 13. Bb5 Rg6 14. Qe3 Bb7 15. O-O h5 16. c4 h4 17.
Ne2 Ng4 18. Qf4 e5 19. dxe5 O-O-O 20. Bxd7+ Rxd7 21. Bc3 Qxc4 22. Rac1 Qxe2 23. e6 Rxe6 24. Rfe1 Qxf2+ 25. Qxf2 Nxf2 26. Kxf2 Kb8 27. Bb4 a5 28. Bc3 Rd3 29. Ba1 Rxa3 30. Re2 e3+ 31. Kf1 Ba6 0-1